 Dungeon Crawl Stone Soup version 0.27-a0-1051-g288ea87c7c (webtiles) character file.

Game seed: 7293014764461237121

183 robertstho the Chopper (level 5, -2/48 HPs)
             Began as a Minotaur Berserker on Apr 20, 2021.
             Was a Priest of Trog.
             Killed from afar by Ijyb (13 damage)
             ... with a bolt of acid
             ... on level 4 of the Dungeon.
             The game lasted 00:03:47 (3136 turns).

robertstho the Chopper (Minotaur Berserker)         Turns: 3136, Time: 00:03:48

Health: -2/48      AC:  6    Str: 21    XL:     5   Next: 35%
Magic:  4/4        EV:  8    Int:  5    God:    Trog [***...]
Gold:   43         SH:  0    Dex: 10    Spells: 4/4 levels left

rFire    . . .     SeeInvis .   a - +0 hand axe
rCold    . . .     Faith    .   (no shield)
rNeg     . . .     Spirit   .   j - +0 chain mail
rPois    .         Reflect  .   (helmet restricted)
rElec    .         Harm     .   n - scarf {repulsion}
rCorr    .         Rampage  .   (no gloves)
Will     .....                  c - +0 pair of boots
Stlth    ..........             (no amulet)
HPRegen  0.16/turn              (no ring)
MPRegen  0.09/turn              (no ring)

@: corroded, on berserk cooldown, slowed, repel missiles, very slow
A: horns 2, retaliatory headbutt
a: Renounce Religion, Berserk, Trog's Hand


You were on level 4 of the Dungeon.
You worshipped Trog.
Trog was most pleased with you.
You visited 1 branch of the dungeon, and saw 4 of its levels.

You collected 147 gold pieces.
You spent 104 gold pieces at shops.

Inventory:

Hand Weapons
 a - a +0 hand axe (weapon)
Armour
 c - a +0 pair of boots (worn)
 j - a +0 chain mail (worn)
 n - a scarf of repulsion (worn)
Wands
 i - a wand of iceblast (2)
Scrolls
 f - a scroll of teleportation
Potions
 d - 2 potions of berserk rage {unknown}
 e - 2 potions of curing
 g - a potion of magic {unknown}
 h - 2 potions of degeneration {unknown}
 l - a potion of haste
 m - a potion of flight {unknown}
 o - a potion of heal wounds


   Skills:
 * Level 5.1 Fighting
 + Level 5.3 Axes
 * Level 3.4 Armour
 + Level 3.0 Dodging


You had 4 spell levels left.
You didn't know any spells.
Your spell library was empty.

Dungeon Overview and Level Annotations

Branches:
Dungeon (4/15)
 Temple: D:4-7

Altars:
Makhleb
Uskayaw
Wu Jian

Shops:
D:1 !(*=

Annotations:
D:4 Ijyb, Robin


Innate Abilities, Weirdness & Mutations

You have a pair of horns on your head.
You reflexively headbutt those who attack you in melee.


Message History

You slash the hound! You slash the goblin!
You feel the power of Trog in you as your rage grows.
You kill the goblin!
Trog accepts your kill. The hound barely misses you.
You hit the hound. Your headbutt misses the hound.
The hound is almost dead.
You hit Ijyb. The hound bites you but does no damage.
Ijyb hits you with a +0 club! Robin throws the goblin at you!
Unknown command.
You barely miss the hound. Your headbutt misses the hound.
The hound is almost dead.
You slash the goblin!
You kill the goblin!
Trog accepts your kill.
You closely miss Ijyb. The hound barely misses you.
Unknown command.
Things that are here:
a +0 dagger; a +0 club; a goblin corpse You closely miss Ijyb.
You headbutt Ijyb, but do no damage.
Ijyb is moderately wounded.
Ijyb zaps a wand.
The bolt of acid hits you.
You are splashed with acid!
You closely miss Ijyb.
Ijyb is moderately wounded.
The goblin no longer looks unusually strong.
Ijyb zaps a wand.
The bolt of acid hits you! The acid corrodes you!
You are splashed with acid!
You are too injured to fight recklessly!
You are too injured to fight recklessly!
You are too injured to fight recklessly!
Unknown command.
You are no longer berserk.
You are exhausted.
You feel yourself slow down. Robin throws the goblin at you!
* * * LOW HITPOINT WARNING * * *
The goblin hits you with a +0 dagger.
* * * LOW HITPOINT WARNING * * *
Ijyb zaps a wand.
The bolt of acid hits you!
You die...

# .# .
####.# ...
....
#..#####.#
#.g.ghg.@#
....ggg###g#
....... #.#
#....g. ..#
#...... #..
#...... ...
....... ....
...#... ....


You could see Ijyb (strong), a gnoll shaman, a hound, Robin, a gnoll and 3
goblins.

Vanquished Creatures
  Natasha (thrice) (D:2)
  2 adders
  A worm (D:3)
  A dart slug (D:3)
  An orc (D:2)
  6 bats
  6 endoplasms
  4 giant cockroaches
  13 goblins
  11 hobgoblins
  11 jackals
  2 quokkas
  3 ball pythons
  3 frilled lizards
  4 kobolds
  7 rats
78 creatures vanquished.

Notes
Turn   | Place    | Note
-------+----------+-------------------------------------------
     0 | D:1      | robertstho the Minotaur Berserker began the quest for the
                  | Orb.
     0 | D:1      | Reached XP level 1. HP: 19/19 MP: 0/0
   309 | D:1      | Found Baog's Weapon Shop.
   353 | D:1      | Found Gizuf's Distillery.
   394 | D:1      | Found Emoiv's General Store.
   404 | D:1      | Reached XP level 2. HP: 24/27 MP: 1/1
   709 | D:1      | Found Gukhlerph's Jewellery Boutique.
  1074 | D:1      | Reached XP level 3. HP: 33/33 MP: 2/2
  1342 | D:2      | Reached ** piety under Trog
  1576 | D:2      | Noticed Natasha
  1583 | D:2      | Killed Natasha
  1584 | D:2      | Reached XP level 4. HP: 41/41 MP: 3/3
  1651 | D:2      | Noticed Natasha
  1658 | D:2      | Killed Natasha
  1750 | D:2      | Noticed Natasha
  1755 | D:2      | Killed Natasha
  1756 | D:2      | Reached skill level 5 in Axes
  2182 | D:1      | Bought a potion of curing for 39 gold pieces
  2182 | D:1      | Bought a potion of heal wounds for 65 gold pieces
  2293 | D:3      | Reached XP level 5. HP: 43/47 MP: 4/4
  2332 | D:3      | Found an ornate altar of the Wu Jian Council.
  2335 | D:3      | Found a burning altar of Makhleb.
  2462 | D:3      | Reached skill level 5 in Fighting
  2602 | D:3      | Found a hide-covered altar of Uskayaw.
  3112 | D:4      | Noticed Ijyb
  3114 | D:4      | Noticed Robin
  3123 | D:4      | Reached *** piety under Trog
  3136 | D:4      | Killed from afar by Ijyb

Illustrated notes

Levels and vault maps discovered:
D:1:      dpeg_arrival_arbitrary_c, layout_loops_ring, serial_shops, shop_coins,
          shop, shop, shop, roderic_roman_lattice
D:2:      layout_loops_ring, minmay_pentomino_z4, uniq_natasha
D:3:      layout_loops_ring, eat_drink_and_be_merry_uskayaw, minitemple,
          hangedman_decor_clover_reticule, minmay_misc_feat_cross,
          grunt_decor_clamped, due_unseen_surprise
D:4:      layout_basic, nicolae_zen_rock_garden, uniq_ijyb, uniq_robin,
          uniq_sigmund

Skill      XL: |  1  2  3  4  5 |
---------------+----------------+-----
Fighting       | 4 5 |  5.1
Axes           | 4 5 |  5.3
Armour         | 3 |  3.4
Dodging        | 3 |  3.0

Action                   |  1- 3 |  4- 6 || total
-------------------------+-------+-------++-------
Melee: Hand axe          |    86 |    66 ||   152
       Headbutt          |    13 |    14 ||    27
Invok: Berserk           |     2 |     2 ||     4
  Use: Scroll            |       |     5 ||     5
Armor: Animal skin       |    19 |     8 ||    27
       Chain mail        |       |    15 ||    15
Dodge: Dodged            |    61 |    45 ||   106

Table legend: (Time is in decaauts)
 A = Elapsed time spent in this place.
 B = Non-inter-level travel time spent in this place.
 C = Inter-level travel time spent in this place.
 D = Time resting spent in this place.
 E = Time spent auto-exploring this place.
 F = Levels seen in this place.
 G = Mean time per level.
                   A        B        C        D        E       F      G
               +--------+--------+--------+--------+--------+-----+--------+
         Total |   3181 |   3035 |    146 |    293 |   2348 |   4 |  795.2 |
       Dungeon |   3181 |   3035 |    146 |    293 |   2348 |   4 |  795.2 |
               +--------+--------+--------+--------+--------+-----+--------+

Top non-repeatable levels by time:
     D:1: 1186 daAuts
     D:2: 1086 daAuts
     D:3: 888 daAuts
     D:4: 18 daAuts
